| TOP OF THE 1ST |
|
Arizona Diamondbacks batting - Pitching for Los Angeles Dodgers : RHP Ugueth Urbina
|
|
Pitching: RHP Ugueth Urbina
|
|
|
Batting: LHB Delino DeShields
|
0-0: Ground out U3 (Groundball, 3S, EV 90.0 MPH)
|
|
Batting: LHB Tony Gwynn
|
0-0: Ball 1-0: Ball 2-0: Ball 3-0: Called Strike 3-1: Ground out 5-3 (Groundball, 56, EV 85.0 MPH)
|
|
Batting: RHB Moises Alou
|
0-0: Ball 1-0: Ball 2-0: Fly out, F8 (Flyball, 8LM, EV 89.4 MPH)
|
| Top of the 1st over - 0 runs, 0 hits, 0 errors, 0 left on base; Arizona 0 - Los Angeles 0 |
| BOTTOM OF THE 1ST |
|
Los Angeles Dodgers batting - Pitching for Arizona Diamondbacks : RHP Alex Fernandez
|
|
Pitching: RHP Alex Fernandez
|
|
|
Batting: RHB Brian L Hunter
|
0-0: Ground out 6-3 (Groundball, 6, EV 91.3 MPH)
|
|
Batting: RHB Chris Brown
|
0-0: SINGLE (Groundball, 34D, EV 99.4 MPH)
|
|
Batting: LHB Ryan Klesko
|
0-0: Called Strike 0-1: Ball Chris Brown steals 2nd base 1-1: Ground out 6-3 (Groundball, 4M, EV 105.0 MPH) Chris Brown to third
|
|
Batting: LHB Rafael Palmeiro
|
0-0: Ball 1-0: Called Strike 1-1: Swinging Strike 1-2: Ball 2-2: Strikes out swinging
|
| Bottom of the 1st over - 0 runs, 1 hit, 0 errors, 1 left on base; Arizona 0 - Los Angeles 0 |
| TOP OF THE 2ND |
|
Arizona Diamondbacks batting - Pitching for Los Angeles Dodgers : RHP Ugueth Urbina
|
|
Batting: LHB Mike Greenwell
|
0-0: Ball 1-0: Foul Ball, location: 2F 1-1: Swinging Strike 1-2: Strikes out swinging
|
|
Batting: LHB Mark Grace
|
0-0: Ball 1-0: Ball 2-0: Swinging Strike 2-1: Ball 3-1: Base on Balls
|
|
Batting: RHB Lance Blankenship
|
0-0: Ball 1-0: Called Strike 1-1: Called Strike Mark Grace steals 2nd base 1-2: Ball 2-2: Ball 3-2: Ground out 4-3 (Groundball, 34, EV 85.0 MPH) Mark Grace to third
|
|
Batting: LHB Robin Ventura
|
0-0: Swinging Strike 0-1: Ball 1-1: Ball 2-1: Foul Ball, location: 2F 2-2: Strikes out looking
|
| Top of the 2nd over - 0 runs, 0 hits, 0 errors, 1 left on base; Arizona 0 - Los Angeles 0 |
| BOTTOM OF THE 2ND |
|
Los Angeles Dodgers batting - Pitching for Arizona Diamondbacks : RHP Alex Fernandez
|
|
Batting: RHB Jeffrey Hammonds
|
0-0: Swinging Strike 0-1: Called Strike 0-2: Ground out 4-3 (Groundball, 4S, EV 90.6 MPH)
|
|
Batting: RHB Torii Hunter
|
0-0: Fly out, F9 (Flyball, 9D, EV 90.6 MPH)
|
|
Batting: LHB Scott Hatteberg
|
0-0: Foul Ball, location: 2F 0-1: Called Strike 0-2: Ball 1-2: Ground out U3 (Groundball, 3, EV 87.5 MPH)
|
| Bottom of the 2nd over - 0 runs, 0 hits, 0 errors, 0 left on base; Arizona 0 - Los Angeles 0 |
| TOP OF THE 3RD |
|
Arizona Diamondbacks batting - Pitching for Los Angeles Dodgers : RHP Ugueth Urbina
|
|
Batting: RHB Sandy Alomar Jr.
|
0-0: Ball 1-0: Ball 2-0: Called Strike 2-1: Foul Ball, location: 2F 2-2: Ball 3-2: Base on Balls
|
|
Batting: RHB Mike Bordick
|
0-0: Bunt missed! 0-1: Sac Bunt to 25 - play at first, batter OUT! 5-4 Sandy Alomar Jr. to second
|
|
Batting: LHB Delino DeShields
|
0-0: Called Strike 0-1: Called Strike 0-2: Strikes out looking
|
|
Batting: LHB Tony Gwynn
|
0-0: Ball 1-0: Called Strike 1-1: Called Strike 1-2: Ball 2-2: Foul Ball, location: 2F 2-2: SINGLE (Groundball, 5, EV 104.4 MPH) (infield hit) Sandy Alomar Jr. to third
|
|
Batting: RHB Moises Alou
|
0-0: Called Strike 0-1: Ball 1-1: Ball 2-1: Ball 3-1: Base on Balls Tony Gwynn to second
|
|
Batting: LHB Mike Greenwell
|
0-0: Ball 1-0: Swinging Strike 1-1: Ball 2-1: Called Strike 2-2: Strikes out looking
|
| Top of the 3rd over - 0 runs, 1 hit, 0 errors, 3 left on base; Arizona 0 - Los Angeles 0 |
| BOTTOM OF THE 3RD |
|
Los Angeles Dodgers batting - Pitching for Arizona Diamondbacks : RHP Alex Fernandez
|
|
Batting: RHB Homer Bush
|
0-0: Swinging Strike 0-1: Foul Ball, location: 2F 0-2: Ball 1-2: Strikes out swinging
|
|
Batting: SHB Kevin Stocker
|
0-0: Ball 1-0: Ball 2-0: Called Strike 2-1: Swinging Strike 2-2: SINGLE (Groundball, 4MD, EV 98.8 MPH)
|
|
Batting: RHB Brian L Hunter
|
0-0: Called Strike 0-1: SINGLE (Groundball, 6MD, EV 103.8 MPH) Kevin Stocker to second
|
|
Batting: RHB Chris Brown
|
0-0: Swinging Strike 0-1: Ball 1-1: Ball 2-1: Ground out 4-3 (Groundball, 4S, EV 68.8 MPH) Kevin Stocker to third Brian L Hunter to second
|
|
Batting: LHB Ryan Klesko
|
0-0: Called Strike 0-1: Foul Ball, location: 2F 0-2: Strikes out looking
|
| Bottom of the 3rd over - 0 runs, 2 hits, 0 errors, 2 left on base; Arizona 0 - Los Angeles 0 |
| TOP OF THE 4TH |
|
Arizona Diamondbacks batting - Pitching for Los Angeles Dodgers : RHP Ugueth Urbina
|
|
Batting: LHB Mark Grace
|
0-0: Ball 1-0: Called Strike 1-1: Ball 2-1: Ball 3-1: Foul Ball, location: 2F 3-2: Foul Ball, location: 2F 3-2: Strikes out swinging
|
|
Batting: RHB Lance Blankenship
|
0-0: Ground out 6-3 (Groundball, 6, EV 88.1 MPH)
|
|
Batting: LHB Robin Ventura
|
0-0: Ground out U3 (Groundball, 34, EV 88.1 MPH)
|
| Top of the 4th over - 0 runs, 0 hits, 0 errors, 0 left on base; Arizona 0 - Los Angeles 0 |
| BOTTOM OF THE 4TH |
|
Los Angeles Dodgers batting - Pitching for Arizona Diamondbacks : RHP Alex Fernandez
|
|
Batting: LHB Rafael Palmeiro
|
0-0: Called Strike 0-1: Swinging Strike 0-2: Ball 1-2: Strikes out swinging
|
|
Batting: RHB Jeffrey Hammonds
|
0-0: Ball 1-0: Foul Ball, location: 2F 1-1: Foul Ball, location: 2F 1-2: Strikes out swinging
|
|
Batting: RHB Torii Hunter
|
0-0: Swinging Strike 0-1: Swinging Strike 0-2: Ball 1-2: Strikes out swinging
|
| Bottom of the 4th over - 0 runs, 0 hits, 0 errors, 0 left on base; Arizona 0 - Los Angeles 0 |
| TOP OF THE 5TH |
|
Arizona Diamondbacks batting - Pitching for Los Angeles Dodgers : RHP Ugueth Urbina
|
|
Batting: RHB Sandy Alomar Jr.
|
0-0: Ball 1-0: Swinging Strike 1-1: Foul Ball, location: 2F 1-2: Ball 2-2: Strikes out swinging
|
|
Batting: RHB Mike Bordick
|
0-0: Foul Ball, location: 2F 0-1: Ball 1-1: Swinging Strike 1-2: Foul Ball, location: 2F 1-2: Ball 2-2: Strikes out swinging
|
|
Batting: LHB Delino DeShields
|
0-0: Called Strike 0-1: Ball 1-1: Ball 2-1: Foul Ball, location: 2F 2-2: Strikes out swinging
|
| Top of the 5th over - 0 runs, 0 hits, 0 errors, 0 left on base; Arizona 0 - Los Angeles 0 |
| BOTTOM OF THE 5TH |
|
Los Angeles Dodgers batting - Pitching for Arizona Diamondbacks : RHP Alex Fernandez
|
|
Batting: LHB Scott Hatteberg
|
0-0: Ball 1-0: Ball 2-0: Foul Ball, location: 2F 2-1: Ball 3-1: Base on Balls
|
|
Batting: RHB Homer Bush
|
0-0: Sac Bunt to 13S - play at first, batter OUT! 1-3 Scott Hatteberg to second
|
|
Batting: SHB Kevin Stocker
|
0-0: Ball 1-0: Called Strike 1-1: Called Strike 1-2: Strikes out swinging
|
|
Batting: RHB Brian L Hunter
|
0-0: Foul Ball, location: 2F 0-1: Called Strike 0-2: Foul Ball, location: 2F 0-2: Ball 1-2: Ball 2-2: Foul Ball, location: 2F 2-2: Foul Ball, location: 2F 2-2: SINGLE (Flyball, 7S, EV 81.9 MPH) - OUT at second base trying to stretch hit. Scott Hatteberg scores
|
| Bottom of the 5th over - 1 run, 1 hit, 0 errors, 0 left on base; Arizona 0 - Los Angeles 1 |
| TOP OF THE 6TH |
|
Arizona Diamondbacks batting - Pitching for Los Angeles Dodgers : RHP Ugueth Urbina
|
|
Pitching: LHP John Franco
|
|
|
Batting: LHB Tony Gwynn
|
0-0: Called Strike 0-1: Swinging Strike 0-2: Ball 1-2: Ground out 4-3 (Groundball, 4, EV 82.5 MPH)
|
|
Batting: RHB Moises Alou
|
0-0: Ball 1-0: Foul Ball, location: 2F 1-1: Fly out, F7 (Flyball, 7LMF, EV 90.0 MPH)
|
|
Batting: LHB Mike Greenwell
|
0-0: Swinging Strike 0-1: Ball 1-1: DOUBLE (Line Drive, 7LM, EV 92.5 MPH)
|
|
Batting: LHB Mark Grace
|
0-0: Called Strike 0-1: Fly out, F7 (Flyball, 78D, EV 99.4 MPH)
|
| Top of the 6th over - 0 runs, 1 hit, 0 errors, 1 left on base; Arizona 0 - Los Angeles 1 |
| BOTTOM OF THE 6TH |
|
Los Angeles Dodgers batting - Pitching for Arizona Diamondbacks : RHP Alex Fernandez
|
|
Batting: RHB Chris Brown
|
0-0: Called Strike 0-1: Fly out, F7 (Flyball, 7, EV 94.4 MPH)
|
|
Batting: LHB Ryan Klesko
|
0-0: Called Strike 0-1: Fly out, F8 (Flyball, 8LS, EV 90.0 MPH)
|
|
Batting: LHB Rafael Palmeiro
|
0-0: Called Strike 0-1: Called Strike 0-2: Ball 1-2: Foul Ball, location: 2F 1-2: Ball 2-2: Ground out 1-3 (Groundball, 34S, EV 64.4 MPH)
|
| Bottom of the 6th over - 0 runs, 0 hits, 0 errors, 0 left on base; Arizona 0 - Los Angeles 1 |
| TOP OF THE 7TH |
|
Arizona Diamondbacks batting - Pitching for Los Angeles Dodgers : LHP John Franco
|
|
Batting: RHB Lance Blankenship
|
0-0: Ball 1-0: Called Strike 1-1: Ball 2-1: Ground out 3-1 (Groundball, 3S, EV 83.8 MPH)
|
|
Batting: LHB Robin Ventura
|
0-0: Ball 1-0: Ball 2-0: Ball 3-0: Called Strike 3-1: Called Strike 3-2: Ground out U3 (Groundball, 34, EV 103.8 MPH)
|
|
Batting: RHB Sandy Alomar Jr.
|
0-0: Called Strike 0-1: Ball 1-1: Called Strike 1-2: Ground out 6-3 (Groundball, 6, EV 103.1 MPH)
|
| Top of the 7th over - 0 runs, 0 hits, 0 errors, 0 left on base; Arizona 0 - Los Angeles 1 |
| BOTTOM OF THE 7TH |
|
Los Angeles Dodgers batting - Pitching for Arizona Diamondbacks : RHP Alex Fernandez
|
|
Batting: RHB Jeffrey Hammonds
|
0-0: Ball 1-0: Foul Ball, location: 2F 1-1: Ball 2-1: Swinging Strike 2-2: Ball 3-2: Strikes out looking
|
|
Batting: RHB Torii Hunter
|
0-0: Ball 1-0: Foul Ball, location: 2F 1-1: Called Strike 1-2: Ball 2-2: Foul Ball, location: 2F 2-2: SOLO HOME RUN (Flyball, 78XD, EV 97.5 MPH), Distance : 424 ft
|
|
Batting: LHB Scott Hatteberg
|
0-0: Called Strike 0-1: Ground out 6-3 (Groundball, 6, EV 85.0 MPH)
|
|
Batting: RHB Homer Bush
|
0-0: Foul Ball, location: 2F 0-1: Ball 1-1: DOUBLE (Line Drive, 89D, EV 103.8 MPH)
|
|
Batting: SHB Kevin Stocker
|
0-0: Swinging Strike 0-1: Ball 1-1: Ball 2-1: Foul Ball, location: 2F 2-2: Ball 3-2: Base on Balls
|
|
Batting: RHB Brian L Hunter
|
0-0: Ball 1-0: Fielders Choice at 2nd, 5-4 (Groundball, 5L, EV 86.3 MPH)
|
| Bottom of the 7th over - 1 run, 2 hits, 0 errors, 2 left on base; Arizona 0 - Los Angeles 2 |
| TOP OF THE 8TH |
|
Arizona Diamondbacks batting - Pitching for Los Angeles Dodgers : LHP John Franco
|
|
Now at 3B: Joe Randa
|
|
|
Batting: RHB Mike Bordick
|
0-0: Swinging Strike 0-1: Ball 1-1: Ground out 6-3 (Groundball, 6, EV 76.3 MPH)
|
|
Batting: LHB Delino DeShields
|
0-0: Swinging Strike 0-1: Ball 1-1: Ball 2-1: Ball 3-1: Foul Ball, location: 2F 3-2: Ground out 6-3 (Groundball, 6, EV 84.4 MPH)
|
|
Batting: LHB Tony Gwynn
|
0-0: Foul Ball, location: 2F 0-1: Ball 1-1: Ball 2-1: Ground out 5-3 (Groundball, 5, EV 88.1 MPH)
|
| Top of the 8th over - 0 runs, 0 hits, 0 errors, 0 left on base; Arizona 0 - Los Angeles 2 |
| BOTTOM OF THE 8TH |
|
Los Angeles Dodgers batting - Pitching for Arizona Diamondbacks : RHP Alex Fernandez
|
|
Batting: RHB Chris Brown
|
0-0: Foul Ball, location: 2F 0-1: Called Strike 0-2: Ball 1-2: Ball 2-2: Ground out 1-3 (Groundball, 13, EV 80.6 MPH)
|
|
Batting: LHB Ryan Klesko
|
0-0: Ground out 6-3 (Groundball, 6, EV 81.3 MPH)
|
|
Batting: RHB Joe Randa
|
0-0: Called Strike 0-1: SINGLE (Line Drive, 34, EV 103.1 MPH)
|
|
Batting: RHB Jeffrey Hammonds
|
0-0: Foul Ball, location: 2F 0-1: Ball 1-1: Foul Ball, location: 2F 1-2: Ground out 6-3 (Groundball, 6, EV 86.3 MPH)
|
| Bottom of the 8th over - 0 runs, 1 hit, 0 errors, 1 left on base; Arizona 0 - Los Angeles 2 |
| TOP OF THE 9TH |
|
Arizona Diamondbacks batting - Pitching for Los Angeles Dodgers : LHP John Franco
|
|
Pitching: LHP Ricardo Rincon
|
|
|
Batting: RHB Moises Alou
|
0-0: Foul Ball, location: 2F 0-1: SOLO HOME RUN (Flyball, 89XD, EV 103.1 MPH), Distance : 400 ft
|
|
Batting: LHB Mike Greenwell
|
0-0: Swinging Strike 0-1: SINGLE (Groundball, 56D, EV 103.8 MPH)
|
|
Pinch Hitting: RHB Bobby M Estalella
|
0-0: Swinging Strike 0-1: Ball 1-1: Swinging Strike 1-2: Ball 2-2: Strikes out swinging
|
|
Batting: RHB Lance Blankenship
|
0-0: Called Strike 0-1: Called Strike 0-2: Ball 1-2: Ball 2-2: Foul Ball, location: 2F 2-2: Strikes out swinging
|
|
Pinch Hitting: RHB Butch Huskey
|
0-0: Fly out, F8 (Flyball, 8RXD, EV 97.5 MPH)
|
| Top of the 9th over - 1 run, 2 hits, 0 errors, 1 left on base; Arizona 1 - Los Angeles 2 |
|